 Dungeon Crawl Stone Soup version 0.27-a0-1595-g0b823d0a13 (webtiles) character file.

Game seed: 13186758695360821649

1622697 freelancePsychic the Slayer (level 27, 260/264 HPs)
             Began as a Ghoul Gladiator on July 20, 2021.
             Was a High Priest of Okawaru.
             Escaped with the Orb
             ... and 3 runes on July 21, 2021!
             The game lasted 03:05:31 (77863 turns).

freelancePsychic the Slayer (Ghoul Gladiator)      Turns: 77863, Time: 03:05:31

Health: 260/264    AC: 41    Str: 33    XL:     27
Magic:  29/29      EV: 11    Int:  4    God:    Okawaru [*****.]
Gold:   4813       SH: 38    Dex: 13    Spells: 26/26 levels left

rFire    + + .     SeeInvis +     - Unarmed
rCold    + + .     Faith    .   g - +8 tower shield
rNeg     + + +     Spirit   .   o - +6 crystal plate armour "Iqiuc" {Str+3}
rPois    ∞         Reflect  +   E - +2 helmet {SInv}
rElec    .         Harm     .   z - scarf {rC+ rF+}
rCorr    .         Rampage  +   G - +2 pair of gloves {Str+3}
Will     +++..                  y - +2 pair of boots {rampage}
Stlth    ..........             k - amulet of reflection
HPRegen  0.00/turn              W - ring "Xeduxku" {rPois rF+ rN+ Will+ Stlth+}
MPRegen  0.21/turn              U - +4 ring of slaying

@: studying Stealth
A: claws 1, cold resistance 1, negative energy resistance 3, inhibited
regeneration, torment resistance 2
0: Orb of Zot
}: 3/15 runes: barnacled, silver, gossamer
a: Renounce Religion, Heroism, Finesse


You escaped.
You worshipped Okawaru.
Okawaru was extremely pleased with you.
You visited 10 branches of the dungeon, and saw 51 of its levels.
You visited the Abyss 1 time.
You also visited: Ice Cave.

You collected 7314 gold pieces.
You spent 2501 gold pieces at shops.

Inventory:

Hand Weapons
 a - a +9 fustibalus of freezing
Missiles
 e - 72 boomerangs
 i - 441 sling bullets
 m - 45 silver javelins
 r - 23 boomerangs of dispersal
 w - 4 throwing nets
 K - 32 curare-tipped darts
 M - 30 atropa-tipped darts
 Y - 59 javelins (quivered)
Armour
 g - a +8 tower shield (worn)
 o - the +6 crystal plate armour "Iqiuc" (worn) {Str+3}
   (Okawaru gifted it to you on level 1 of the Crypt)

   Str:       It affects your strength (+3).
 y - a +2 pair of boots of rampaging (worn)
 z - a scarf of resistance (worn)
 E - a +2 helmet of see invisible (worn)
 G - a +2 pair of gloves of strength (worn)
 P - the +2 cloak "Wyozaudd" {rC- Str+3 Int+6 SInv}
   (You bought it in a shop on level 2 of the Orcish Mines)

   Str:       It affects your strength (+3).
   Int:       It affects your intelligence (+6).
   rC:        It makes you vulnerable to cold.
   SInv:      It lets you see invisible.
Jewellery
 h - a ring of flight
 k - an amulet of reflection (around neck)
 L - a +4 ring of evasion
 S - a ring of ice
 T - the ring of Kytopo Megu {Fire rN++ Str-3 Int+4}
   (You found it on level 5 of the Vaults)

   [ring of fire]

   It enhances your fire magic.
   Str:       It affects your strength (-3).
   Int:       It affects your intelligence (+4).
   rF:        It protects you from fire.
   rC:        It makes you vulnerable to cold.
   rN:        It greatly protects you from negative energy.
 U - a +4 ring of slaying (right hand)
 W - the ring "Xeduxku" (left hand) {rPois rF+ rN+ Will+ Stlth+}
   (You acquired it on level 3 of the Vaults)

   [ring of protection from fire]

   rF:        It protects you from fire.
   rPois:     It protects you from poison.
   rN:        It protects you from negative energy.
   Will:      It increases your willpower.
   Stlth:     It makes you more stealthy.
Wands
 b - a wand of acid (16)
 u - a wand of iceblast (67)
 O - a wand of paralysis (61)
 V - a wand of digging (14)
 X - a wand of flame (92)
Scrolls
 l - 16 scrolls of teleportation {@r4}
 n - 15 scrolls of identify {@r1}
 p - 10 scrolls of immolation
 s - 3 scrolls of silence
 t - 4 scrolls of torment
 v - 5 scrolls of fog
 A - 2 scrolls of fear
 H - 7 scrolls of enchant weapon
 N - 4 scrolls of blinking
 Q - a scroll of summoning
 Z - 4 scrolls of magic mapping
Potions
 c - 5 potions of heal wounds {@q2}
 d - 3 potions of cancellation
 f - 4 potions of brilliance
 q - 3 potions of invisibility
 x - 7 potions of magic
 B - 8 potions of ambrosia
 C - 6 potions of might
 D - 5 potions of attraction
 F - 6 potions of haste {@q3}
 I - 9 potions of curing {@q1}
 R - a potion of resistance
Miscellaneous
 j - a condenser vane
 J - a phantom mirror


   Skills:
 + Level 24.5 Fighting
 - Level 0.6(13.6) Slings
 + Level 20.0 Throwing
 - Level 16.0 Armour
 - Level 12.0 Dodging
 - Level 21.0 Shields
 - Level 22.0 Unarmed Combat
 - Level 9.5 Invocations


You had 26 spell levels left.
You didn't know any spells.
Your spell library contained the following spells:

 Spells                   Type           Power      Damage    Failure   Level
 Animate Skeleton         Necr           0%         N/A       100%        1
 Apportation              Tloc           0%         N/A       100%        1
 Corona                   Hex            0%         N/A       100%        1
 Freeze                   Ice            0%         1d3       100%        1
 Magic Dart               Conj           0%         1d3       100%        1
 Pain                     Necr           0%         1d4       100%        1
 Sandblast                Erth           0%         2d4       100%        1
 Sting                    Tmut/Pois      0%         1d3       100%        1
 Summon Small Mammal      Summ           0%         N/A       100%        1
 Call Imp                 Summ           0%         N/A       100%        2
 Corpse Rot               Necr/Air       N/A        N/A       100%        2
 Passwall                 Tmut/Erth      0%         N/A       100%        2
 Searing Ray              Conj           0%         3d3       100%        2
 Call Canine Familiar     Summ           0%         N/A       100%        3
 Conjure Flame            Conj/Fire      0%         6-21      100%        3
 Dazzling Flash           Conj/Hex       0%         N/A       100%        3
 Frozen Ramparts          Ice            0%         1d2       100%        3
 Gell's Gravitas          Tloc           0%         N/A       100%        3
 Ignite Poison            Fire/Tmut/Pois 0%         N/A       100%        3
 Mephitic Cloud           Conj/Pois/Air  0%         N/A       100%        3
 Ozocubu's Armour         Ice            0%         N/A       100%        3
 Portal Projectile        Hex/Tloc       0%         N/A       100%        3
 Stone Arrow              Conj/Erth      0%         3d7       100%        3
 Swiftness                Air            0%         N/A       100%        3
 Teleport Other           Tloc           0%         N/A       100%        3
 Tukima's Dance           Hex            0%         N/A       100%        3
 Vampiric Draining        Necr           0%         2d6       100%        3
 Animate Armour           Summ/Erth      0%         N/A       100%        4
 Cause Fear               Hex            0%         N/A       100%        4
 Dispel Undead            Necr           0%         3d6       100%        4
 Fulminant Prism          Conj/Hex       0%         3d6       100%        4
 Hailstorm                Conj/Ice       0%         3d3       100%        4
 Iskenderun's Mystic Bla  Conj/Tloc      0%         2d3       100%        4
 Leda's Liquefaction      Hex/Erth       0%         N/A       100%        4
 Passage of Golubria      Tloc           N/A        N/A       100%        4
 Petrify                  Tmut/Erth      0%         N/A       100%        4
 Sticky Flame             Conj/Fire      0%         2d3       100%        4
 Summon Ice Beast         Ice/Summ       0%         N/A       100%        4
 Summon Lightning Spire   Summ/Air       0%         N/A       100%        4
 Agony                    Necr           0%         N/A       100%        5
 Alistair's Intoxication  Tmut/Pois      0%         N/A       100%        5
 Bolt of Magma            Conj/Fire/Erth 0%         4d4       100%        5
 Borgnjor's Vile Clutch   Necr/Erth      0%         N/A       100%        5
 Excruciating Wounds      Necr           0%         N/A       100%        5
 Freezing Cloud           Conj/Ice/Air   0%         6-21      100%        5
 Irradiate                Conj/Tmut      0%         3d13      100%        5
 Iskenderun's Battlesphe  Conj           0%         2d6       100%        5
 Lee's Rapid Deconstruct  Erth           0%         3d5*      100%        5
 Metabolic Englaciation   Hex/Ice        0%         N/A       100%        5
 Silence                  Hex/Air        0%         N/A       100%        5
 Summon Forest            Summ/Tloc      0%         N/A       100%        5
 Summon Mana Viper        Hex/Summ       0%         N/A       100%        5
 Yara's Violent Unravell  Hex/Tmut       0%         3d3       100%        5
 Death Channel            Necr           0%         N/A       100%        6
 Dispersal                Tloc           0%         N/A       100%        6
 Eringya's Noxious Bog    Tmut/Pois      0%         N/A       100%        6
 Invisibility             Hex            0%         N/A       100%        6
 Iron Shot                Conj/Erth      0%         9d1       100%        6
 Shadow Creatures         Summ           N/A        N/A       100%        6
 Simulacrum               Ice/Necr       0%         N/A       100%        6
 Starburst                Conj/Fire      0%         8x6d3     100%        6
 Ozocubu's Refrigeration  Ice            0%         4d5       100%        7
 Spellforged Servitor     Conj/Summ      0%         N/A       100%        7
 Summon Hydra             Summ           0%         N/A       100%        7
 Lehudib's Crystal Spear  Conj/Erth      0%         10d2      100%        8
 Maxwell's Capacitive Co  Air            0%         ∞         100%        8
 Dragon's Call            Summ           0%         N/A       100%        9
 Polar Vortex             Ice            0%         N/A       100%        9
 Beastly Appendage        Tmut           Unusable   N/A       N/A         1
 Sublimation of Blood     Necr           Unusable   N/A       N/A         2
 Wereblood                Tmut           Unusable   N/A       N/A         2
 Ice Form                 Ice/Tmut       Unusable   N/A       N/A         4
 Blade Hands              Tmut           Unusable   N/A       N/A         5
 Dragon Form              Tmut           Unusable   N/A       N/A         7
 Storm Form               Tmut/Air       Unusable   N/A       N/A         7

Dungeon Overview and Level Annotations

Branches:
Dungeon (15/15)            Temple (0/1) D:7            Lair (6/6) D:10
 Shoals (4/4) Lair:4       Spider (4/4) Lair:4        Slime (0/5) Lair:6
    Orc (2/2) D:12            Elf (3/3) Orc:2        Vaults (5/5) D:13
  Crypt (2/3) Vaults:2     Depths (5/5) D:15            Zot (5/5) Depths:5
  IceCv (visited)

Altars:
Dithmenos
Elyvilon
Hepliaklqana
Kikubaaqudgha
Nemelex Xobeh
Okawaru
Qazlal
Ru
Sif Muna
Vehumet
Wu Jian
Zin
The Shining One
Beogh
Jiyva

Shops:
D:6 [[?*   Orc:2 [([!([(   Elf:1 ?   Elf:2 *[!   Elf:3 [   Shoals:2 *
Vaults:1 :   Vaults:3 ?   Vaults:4 [   Depths:5 *

Portals:
Hell: Depths:1 Depths:2 Depths:3 Depths:4 Depths:5
Abyss: Depths:1 Depths:4
Pandemonium: Depths:3 Depths:4
Ziggurat: Depths:1

Annotations:
D:12 2 transporters, flotson's ghost, journeyman DsDe
Lair:4 3 runed translucent doors, lunkers's ghost, journeyman DjEE
Elf:2 3 runed translucent doors
Crypt:2 Khufu


Innate Abilities, Weirdness & Mutations

You thrive by killing the living.
You are immune to poison.
You have sharp fingernails.
Your flesh is cold resistant. (rC+)
You are immune to negative energy. (rN+++)
You do not regenerate when monsters are visible.
You are immune to unholy pain and torment.


Message History

Where to? (Enter - D:1, ? - help)
You see here a +0 war axe.
There is a stone staircase leading up here.
You climb upwards.
There is a stone staircase leading down here.
There is a stone staircase leading up here.
You climb upwards.
There is a stone staircase leading down here.
Things that are here:
a +0 leather armour; a +0 mace
There is a stone staircase leading up here.
You climb upwards.
There is a stone staircase leading down here.
(D) Dungeon (T) Temple (L) Lair (A) Shoals (N) Spider Nest (M) Slime Pits (O) Orcish Mines (E) Elven Halls (V) Vaults (C) Crypt (U) Depths (H) Hell (Z) Zot
Where to? (Enter - D:1, ? - help)
Okay, then.
Unknown command.
A cherub comes into view. It is wielding a +1 flail of flaming.
Aiming: Dig
Press: ? - help, Shift-Dir - straight line A rock wall.
This square is covered in magical glow.
The rock shatters into small pieces.
Aiming: Dig
Press: ? - help, Shift-Dir - straight line A rock wall.
This square is covered in magical glow.
The rock shatters into small pieces.
The cherub unwields a +1 flail of flaming.
It stops flaming.
The cherub wields a +0 fustibalus.
The cherub shoots a stone.
You reflect the stone off an invisible shield around you!
The stone closely misses the cherub.
There is a staircase leading out of the dungeon here.
The cherub shoots a stone.
You reflect the stone off an invisible shield around you!
The stone closely misses the cherub.
You have escaped!

#...≈≈≈..# #.....
#...≈≈≈..# #..)..
#...≈≈≈..# #.#...
##...⌠...# #.#...
##.....## #.#...
##...###### #####.##..
######...#######...#.##..
#.........A........>
#.#@#####...#...####
#####.### #.#######
#.....# #...# #.###.#
###.# #### #.#...# ####.#
#... #.##### #....# #.##
#.....# #.##### #†#.
#####'## #.....####.#.
#.....# #####.##...#.


You could see a cherub.

Vanquished Creatures
  5 dread liches
  6 ancient liches
  3 orbs of fire (Zot:5)
  A juggernaut (Depths:2)
  Sojobo (Crypt:1)
  A royal mummy (Crypt:1)
  Bai Suzhen (Spider:4)
  Margery (Depths:4)
  4 Killer Klowns (Zot:5)
  Boris (4 times) (Crypt:2 Depths:2 Depths:4 Depths:5)
  2 curse toes
  A caustic shrike (Depths:2)
  6 golden dragons
  Arachne (Spider:2)
  2 bone dragons (Depths:5)
  A Brimstone Fiend (D:4)
  2 electric golems (Zot:5)
  12 tentacled monstrosities
  Rupert (D:13)
  A lich (Depths:3)
  2 deep elf master archers (Elf:3)
  26 Orb Guardians
  6 titans
  2 deep elf blademasters (Elf:3)
  Asterion (Depths:1)
  An Executioner (D:8)
  Polyphemus (Shoals:2)
  6 death cobs
  A quicksilver dragon (Zot:5)
  Agnes (Spider:2)
  6 sphinxes
  8 shadow dragons
  Frances (Shoals:1)
  Kirke (Spider:1)
  A revenant (Crypt:2)
  12 tengu reavers
  7 storm dragons
  Donald (Elf:1)
  3 iron dragons
  15 fire giants
  2 draconian monks (Zot:4)
  Louise (Depths:4)
  4 deep elf sorcerers
  9 frost giants
  5 draconian scorchers
  An orc warlord (Orc:2)
  2 draconian knights (Zot:4)
  4 ghost moths
  4 deep elf elementalists (Elf:3)
  11 vault wardens
  A curse skull (Crypt:1)
  3 draconian shifters
  A cacodemon (Depths:4)
  6 emperor scorpions
  2 draconian stormcallers (Zot:4)
  3 spriggan defenders
  3 draconian annihilators
  22 ironbound preservers
  49 very ugly things
  A juggernaut skeleton (Depths:3)
  3 war gargoyles
  5 ghouls
  28 stone giants
  8 green draconians
  6 entropy weavers
  9 deep elf demonologists
  7 vampire knights
  5 deep elf annihilators
  4 red draconians
  The ghost of duskshroud the Grappler, a journeyman TrFi of Ashenzari (Lair:3)
  3 black draconians (Zot:4)
  9 spark wasps
  6 yellow draconians
  5 dire elephants
  6 white draconians
  3 purple draconians (Zot:4)
  Snorg (Lair:6)
  An eleionoma (shapeshifter) (Vaults:5)
  5 merfolk javelineers
  7 deep elf death magi
  7 fire dragons
  17 ettins
  4 eidola
  9 merfolk impalers
  7 deep elf high priests
  28 vault guards
  9 great orbs of eyes
  7 ironbound thunderhulks
  14 ice dragons
  5 rakshasas
  16 yaktaur captains
  7 boulder beetles
  5 hydras
  2 peacekeepers (Vaults:3)
  3 spriggan air magi
  3 merfolk avatars
  8 ironbound frosthearts
  3 death knights
  A quicksilver dragon skeleton (Crypt:2)
  2 centaur warriors
  3 ogre magi
  4 alligator snapping turtles
  13 dancing weapons
  A merfolk aquamancer (Shoals:4)
  4 two-headed ogres
  9 catoblepae
  A satyr (Shoals:4)
  6 deep troll shamans
  7 tengu warriors
  7 deep troll earth magi
  4 vampire magi
  5 spriggan berserkers
  22 death yaks
  Urug (Lair:4)
  4 hell knights (Depths:4)
  7 ironbound beastmasters
  3 orc high priests
  2 sun demons
  2 soul eaters
  Sonja (Lair:5)
  7 deep elf knights
  2 sixfirhies
  12 iron trolls
  10 sea snakes
  A golden dragon zombie (Depths:2)
  8 skeletal warriors
  A cherub (Depths:4)
  61 deep trolls
  4 flayed ghosts
  An anaconda zombie (Crypt:1)
  7 deep elf archers
  7 glowing orange brains
  7 lindwurms
  9 wizards
  2 golden dragon skeletons
  4 bog bodies
  16 deep elf pyromancers
  6 necromancers
  A shadow dragon zombie (Depths:3)
  10 ironbound convokers
  25 harpies
  A harpy (shapeshifter) (Depths:4)
  14 phantasmal warriors
  20 deep elf zephyrmancers
  An orc knight (Vaults:5)
  A stone giant zombie (D:15)
  36 wolf spiders
  23 orb spiders
  2 orc sorcerers (Orc:2)
  12 moths of wrath
  11 fauns
  A frost giant zombie (D:15)
  A cyclops (shapeshifter) (Vaults:5)
  18 manticores
  4 cyclopes
  68 ugly things
  19 elephants
  2 sphinx skeletons (Depths:2)
  13 vault sentinels
  3 merfolk sirens
  2 ice statues
  6 black mambas
  Joseph (Lair:1)
  A molten gargoyle (Depths:1)
  2 fire giant skeletons
  2 smoke demons (Depths:1)
  5 water nymphs
  A torpor snail (Spider:4)
  An iron dragon skeleton (Crypt:2)
  9 cane toads
  A naga mage (Depths:5)
  A red draconian zombie (Crypt:1)
  An alligator snapping turtle skeleton (Crypt:1)
  49 yaktaurs
  11 komodo dragons
  6 rime drakes
  An unseen horror (D:13)
  3 ice devils
  4 tengu conjurers
  A black draconian skeleton (Crypt:1)
  23 demonic crawlers
  5 trolls
  7 freezing wraiths
  A hellwing (Depths:4)
  A jumping spider (shapeshifter) (Vaults:5)
  35 merfolk
  A queen bee (D:14)
  3 meliai
  49 jumping spiders
  A polar bear (shapeshifter) (D:14)
  A queen bee (shapeshifter) (D:15)
  6 wind drakes
  15 slime creatures
  3 polar bears
  8 blink frogs
  11 hornets
  11 dream sheep
  7 snapping turtles
  A redback (shapeshifter) (Vaults:5)
  4 spriggans
  A stone giant simulacrum (Depths:3)
  3 air elementals
  An alligator skeleton (Crypt:2)
  75 redbacks
  6 wraiths
  2 shadows
  A satyr skeleton (Crypt:2)
  16 water elementals
  A vampire (D:12)
  2 fire elementals
  2 hogs (Spider:1)
  39 tarantellas
  11 wyverns
  A black mamba skeleton (Crypt:2)
  A dire elephant simulacrum (IceCv)
  5 basilisks
  16 vampire mosquitoes
  51 yaks
  A steam dragon (D:7)
  3 wargs (Orc:1)
  Edmund (D:5)
  Menkaure (D:6)
  4 harpy simulacra
  A death yak simulacrum (IceCv)
  A glowing shapeshifter zombie (Crypt:1)
  5 acid dragons
  A swamp worm (shapeshifter) (Depths:4)
  A hell hound (Lair:4)
  25 water moccasins
  11 ice beasts
  An orb spider zombie (Crypt:2)
  A swamp drake (shapeshifter) (Vaults:5)
  A human skeleton (D:15)
  31 orc warriors
  2 black bears
  9 ogres
  2 necrophages
  11 wolves
  7 centaurs
  An ogre (shapeshifter) (Elf:3)
  2 boggarts (Vaults:2)
  A phantom (D:5)
  16 bullfrogs
  A kobold brigand (D:8)
  A gnoll sergeant (D:8)
  8 earth elementals
  An elf skeleton (Crypt:1)
  9 scorpions
  7 two-headed ogre simulacra (IceCv)
  4 cane toad simulacra
  2 wyvern skeletons (D:7)
  A water moccasin skeleton (Crypt:2)
  A spriggan zombie (Crypt:1)
  20 killer bees
  A polar bear skeleton (Crypt:2)
  3 elephant simulacra (IceCv)
  A snapping turtle simulacrum (Crypt:1)
  3 howler monkeys
  A bullfrog zombie (D:6)
  A centaur zombie (D:9)
  A wolf skeleton (Crypt:1)
  2 gnoll shamans
  A human zombie (Crypt:1)
  2 hounds
  2 jellies
  Crazy Yiuf (D:6)
  A centaur skeleton (D:6)
  24 orc priests
  An iguana (D:4)
  Ijyb (D:3)
  26 orc wizards
  11 hell rats
  2 polar bear simulacra (IceCv)
  6 troll simulacra (IceCv)
  9 spriggan simulacra (IceCv)
  2 wolf simulacra (IceCv)
  A deep dwarf skeleton (Crypt:1)
  A tengu skeleton (Crypt:2)
  A howler monkey skeleton (D:7)
  9 gnolls
  4 naga simulacra (IceCv)
  7 adders
  4 river rats (D:10)
  4 white imps
  6 ufetubi
  An adder skeleton (Crypt:1)
  5 worms
  4 dart slugs
  107 orcs
  6 ball pythons
  7 endoplasms
  3 giant cockroaches
  8 goblins
  9 hobgoblins
  2 jackals (D:3)
  11 kobolds
  4 quokkas
  5 bats
  A frilled lizard (D:3)
  A goblin skeleton (Crypt:1)
  A goblin zombie (Crypt:2)
  8 rats
2180 creatures vanquished.

Vanquished Creatures (collateral kills)
  An ugly thing (D:9)
  A tarantella (Spider:4)
2 creatures vanquished.

Vanquished Creatures (others)
  A deep elf knight (Elf:3)
  A wizard (Vaults:4)
  A deep elf zephyrmancer (Elf:2)
  3 jumping spiders
  A tarantella (Spider:2)
  A human (Spider:2)
  A boggart (Vaults:2)
  A gnoll (D:7)
  26 fungi
  32 plants
  7 withered plants (D:15)
75 creatures vanquished.

Grand Total: 2257 creatures vanquished

Notes
Turn   | Place    | Note
-------+----------+-------------------------------------------
     0 | D:1      | freelancePsychic the Ghoul Gladiator began the quest for
                  | the Orb.
     0 | D:1      | Reached XP level 1. HP: 17/17 MP: 0/0
   190 | D:1      | Reached XP level 2. HP: 22/25 MP: 1/1
   700 | D:1      | Reached XP level 3. HP: 30/30 MP: 2/2
  1446 | D:2      | Reached XP level 4. HP: 37/37 MP: 3/3
  1512 | D:2      | Reached skill level 3 in Fighting
  1802 | D:2      | Found an iron altar of Okawaru.
  2410 | D:3      | Reached XP level 5. HP: 45/45 MP: 4/4
  2526 | D:3      | Noticed Ijyb
  2527 | D:3      | Paralysed by Ijyb for 2 turns
  2540 | D:3      | Paralysed by Ijyb for 2 turns
  2554 | D:3      | Killed Ijyb
  2555 | D:3      | Reached skill level 1 in Armour
  2555 | D:3      | Reached skill level 5 in Unarmed Combat
  3089 | D:4      | Noticed a necrophage
  3115 | D:4      | Killed a necrophage
  3116 | D:4      | Reached skill level 4 in Fighting
  3116 | D:4      | Reached XP level 6. HP: 48/52 MP: 5/5
  3278 | D:4      | Noticed a black bear
  3284 | D:4      | Killed a black bear
  3609 | D:4      | Reached XP level 7. HP: 50/60 MP: 6/6
  3795 | D:5      | Entered Level 5 of the Dungeon
  3985 | D:5      | Reached skill level 5 in Fighting
  4138 | D:5      | Reached XP level 8. HP: 65/68 MP: 7/7
  4184 | D:5      | Noticed Edmund
  4204 | D:5      | Killed Edmund
  4376 | D:5      | Found a radiant altar of Vehumet.
  4377 | D:5      | Found an ornate altar of the Wu Jian Council.
  4539 | D:2      | Became a worshipper of Warmaster Okawaru
  4798 | D:6      | Found Suen's Armour Boutique.
  4950 | D:5      | Reached skill level 1 in Invocations
  5431 | D:6      | Reached skill level 6 in Fighting
  5667 | D:6      | Found Ceommig's General Store.
  5676 | D:6      | Found Ememik's Armour Boutique.
  5856 | D:6      | Noticed Menkaure
  5865 | D:6      | Killed Menkaure
  5865 | D:6      | Reached * piety under Okawaru
  5971 | D:6      | Found Ydielus's Magic Scroll Emporium.
  6013 | D:6      | Reached XP level 9. HP: 78/78 MP: 9/9
  6081 | D:6      | Found a runed translucent door.
  6082 | D:6      | Noticed Crazy Yiuf
  6238 | D:6      | Killed Crazy Yiuf
  6941 | D:7      | Reached skill level 7 in Fighting
  6941 | D:7      | Reached skill level 10 in Unarmed Combat
  6970 | D:7      | Reached ** piety under Okawaru
  7283 | D:7      | Found a staircase to the Ecumenical Temple.
  8001 | D:6      | Bought a +0 buckler for 45 gold pieces
  8466 | D:8      | Reached skill level 1 in Shields
  9354 | D:9      | Noticed a troll
  9366 | D:9      | Killed a troll
  9367 | D:9      | Reached XP level 10. HP: 66/88 MP: 10/10
  9530 | D:9      | Found a sparkling altar of Nemelex Xobeh.
  9656 | D:9      | Noticed a purple ugly thing
  9662 | D:9      | Killed a purple ugly thing
  9662 | D:9      | Reached *** piety under Okawaru
  9663 | D:9      | Reached skill level 8 in Fighting
 10086 | D:10     | Entered Level 10 of the Dungeon
 10086 | D:10     | Noticed a death yak
 10086 | D:10     | Found a staircase to the Lair.
 10088 | D:10     | Noticed a death yak
 10089 | D:10     | Noticed a death yak
 10100 | D:9      | Killed a death yak
 10100 | D:9      | Reached **** piety under Okawaru
 10101 | D:9      | Reached skill level 9 in Fighting
 10292 | D:10     | Reached skill level 10 in Fighting
 10544 | D:10     | Received a gift from Okawaru
 11608 | D:10     | Found a shimmering blue altar of Sif Muna.
 11697 | D:10     | Killed a death yak
 11697 | D:10     | Received a gift from Okawaru
 11698 | D:10     | Reached skill level 11 in Fighting
 11698 | D:10     | Reached XP level 11. HP: 80/102 MP: 8/11
 11706 | D:10     | Killed a death yak
 11711 | D:10     | Reached skill level 5 in Throwing
 12109 | D:11     | Reached skill level 5 in Armour
 12115 | D:11     | Found a frozen archway.
 12122 | IceCv    | Entered an ice cave
 12618 | IceCv    | Received a gift from Okawaru
 13559 | IceCv    | Received a gift from Okawaru
 13735 | IceCv    | Reached skill level 12 in Fighting
 14091 | IceCv    | Noticed a bog body
 14091 | IceCv    | Noticed a bog body
 14097 | IceCv    | Reached ***** piety under Okawaru
 14105 | IceCv    | Killed a bog body
 14108 | IceCv    | Killed a bog body
 14628 | D:11     | Noticed a four-headed hydra
 14637 | D:11     | Killed a four-headed hydra
 14679 | D:11     | Noticed a boulder beetle
 14703 | D:11     | Killed a boulder beetle
 14704 | D:11     | Reached XP level 12. HP: 59/113 MP: 10/12
 15044 | D:11     | Received a gift from Okawaru
 15051 | D:11     | Reached skill level 13 in Fighting
 15511 | D:11     | Noticed a two-headed ogre
 15524 | D:11     | Killed a two-headed ogre
 16028 | Lair:1   | Entered Level 1 of the Lair of Beasts
 16553 | Lair:1   | Received a gift from Okawaru
 16699 | Lair:1   | Noticed Joseph
 16726 | Lair:1   | Killed Joseph
 17392 | Lair:2   | Got the Collected Works on Transformation
 17513 | Lair:2   | Reached skill level 5 in Invocations
 17675 | Lair:2   | Reached XP level 13. HP: 117/122 MP: 14/16
 19279 | Lair:3   | Reached ****** piety under Okawaru
 19522 | Lair:3   | Received a gift from Okawaru
 19674 | Lair:3   | Received a gift from Okawaru
 20210 | Lair:3   | Found a runed translucent gate.
 20243 | Lair:3   | Found a runed translucent gate.
 20243 | Lair:3   | Found a runed translucent gate.
 20243 | Lair:3   | Noticed duskshroud's ghost (journeyman TrFi)
 20325 | Lair:3   | Reached skill level 5 in Dodging
 20342 | Lair:3   | Received a gift from Okawaru
 20525 | Lair:3   | Killed duskshroud's ghost
 20803 | Lair:4   | Reached XP level 14. HP: 125/129 MP: 18/18
 21204 | Lair:4   | Received a gift from Okawaru
 21308 | Lair:4   | Found a hole to the Spider Nest.
 21437 | Lair:4   | Found a staircase to the Shoals.
 21525 | Lair:4   | Noticed Urug
 21533 | Lair:4   | Killed Urug
 21534 | Lair:4   | Reached skill level 15 in Unarmed Combat
 21630 | Lair:4   | Found a runed translucent gate.
 21631 | Lair:4   | Found a runed translucent gate.
 21634 | Lair:4   | Noticed lunkers's ghost (journeyman DjEE)
 21638 | Lair:4   | Found a runed translucent gate.
 22103 | Lair:5   | Received a gift from Okawaru
 22104 | Lair:5   | Noticed Sonja
 22112 | Lair:5   | Killed Sonja
 22523 | Lair:5   | Received a gift from Okawaru
 22917 | Lair:6   | Entered Level 6 of the Lair of Beasts
 22929 | Lair:5   | Received a gift from Okawaru
 23093 | Lair:6   | Received a gift from Okawaru
 23171 | Lair:6   | Found a viscous altar of Jiyva.
 23171 | Lair:6   | Found a staircase to the Slime Pits.
 23270 | Lair:6   | Reached skill level 10 in Armour
 23646 | Lair:6   | Noticed Snorg
 23658 | Lair:6   | Killed Snorg
 24531 | Lair:6   | Identified the +0 helmet of Leapfrog {Harm Dex+2} (Okawaru
                  | gifted it to you on level 6 of the Lair of Beasts)
 24531 | Lair:6   | Received a gift from Okawaru
 24532 | Lair:6   | Reached XP level 15. HP: 92/135 MP: 17/19
 27534 | D:12     | Found a transporter.
 27548 | D:12     | Noticed flotson's ghost (journeyman DsDe)
 27577 | D:12     | Found a transporter.
 27695 | D:12     | Found a staircase to the Orcish Mines.
 27702 | Orc:1    | Entered Level 1 of the Orcish Mines
 28092 | Orc:2    | Entered Level 2 of the Orcish Mines
 28103 | Orc:2    | Received a gift from Okawaru
 28144 | Orc:2    | Found Vydd's Antique Weapon Boutique.
 28472 | Orc:2    | Found Sonamm's Antique Weapon Shoppe.
 28506 | Orc:2    | Found a staircase to the Elven Halls.
 28561 | Orc:2    | Found Fiet's Antique Armour Shop.
 28574 | Orc:2    | Bought a fading cloak for 228 gold pieces
 28574 | Orc:2    | Identified the +2 cloak "Wyozaudd" {rC- Str+3 Int+6 SInv}
                  | (You bought it in a shop on level 2 of the Orcish Mines)
 28751 | Orc:2    | Received a gift from Okawaru
 28763 | Orc:2    | Noticed an orc warlord
 28908 | Orc:2    | Found Xoluibli's Armour Emporium.
 29036 | Orc:2    | Found Esoerr's Distillery.
 29064 | Orc:2    | Bought a potion of haste for 140 gold pieces
 29064 | Orc:2    | Bought a potion of haste for 140 gold pieces
 29064 | Orc:2    | Bought a potion of might for 56 gold pieces
 29064 | Orc:2    | Bought a potion of might for 56 gold pieces
 29356 | Orc:2    | Killed an orc warlord
 29456 | Orc:2    | Found Kauhoc's Antique Armour Emporium.
 29461 | Orc:2    | Found Wunkop's Antique Weapon Shoppe.
 30338 | D:13     | Identified the +2 chain mail of Ziem Asan {Drain rF+ Int+2
                  | Dex+3}
 30676 | D:13     | Noticed Rupert
 30689 | D:13     | Killed Rupert
 30689 | D:13     | Received a gift from Okawaru
 30721 | D:13     | Found a gate to the Vaults.
 31010 | D:14     | Reached XP level 16. HP: 138/145 MP: 20/20
 31266 | D:14     | Reached skill level 14 in Fighting
 32494 | D:14     | Received a gift from Okawaru
 32781 | D:15     | Entered Level 15 of the Dungeon
 33899 | D:15     | Found a staircase to the Depths.
 33949 | D:15     | Reached skill level 5 in Shields
 34493 | Spider:1 | Entered Level 1 of the Spider Nest
 34529 | Spider:1 | Identified the +2 hand axe of Cofefa {vorpal, rC- rN++}
                  | (Okawaru gifted it to you on level 1 of the Spider Nest)
 34529 | Spider:1 | Received a gift from Okawaru
 35005 | Spider:1 | HP: 3/147 [disintegration (51)]
 35707 | Spider:1 | Identified the +0 scale mail "Palycik" {Dex+6} (Okawaru
                  | gifted it to you on level 1 of the Spider Nest)
 35707 | Spider:1 | Received a gift from Okawaru
 36047 | Spider:1 | Reached skill level 15 in Fighting
 36262 | Spider:2 | Noticed Kirke
 36277 | Spider:1 | Killed Kirke
 36278 | Spider:1 | Reached XP level 17. HP: 156/156 MP: 21/21
 36602 | Spider:2 | Noticed Arachne
 36623 | Spider:2 | Killed Arachne
 37100 | Spider:2 | Received a gift from Okawaru
 37219 | Spider:2 | Reached skill level 10 in Shields
 37344 | Spider:2 | Noticed Agnes
 37355 | Spider:2 | Killed Agnes
 38391 | Spider:3 | Reached skill level 16 in Fighting
 38772 | Spider:4 | Entered Level 4 of the Spider Nest
 39058 | Spider:4 | Received a gift from Okawaru
 39305 | Spider:4 | Reached XP level 18. HP: 166/166 MP: 22/22
 39934 | Spider:4 | Noticed Bai Suzhen
 40017 | Spider:4 | Killed Bai Suzhen
 40689 | Spider:4 | Got a gossamer rune of Zot
 41096 | Vaults:1 | Entered Level 1 of the Vaults
 41097 | Vaults:1 | Found Hiheceg's Book Shop.
 41115 | Vaults:1 | Identified the +0 buckler "Alush" {Int+5} (Okawaru gifted
                  | it to you on level 1 of the Vaults)
 41115 | Vaults:1 | Received a gift from Okawaru
 41601 | Vaults:1 | Cast into level 2 of the Abyss (a wizard)
 41661 | Vaults:1 | Escaped the Abyss
 43118 | Vaults:1 | Reached XP level 19. HP: 172/172 MP: 23/23
 43367 | Vaults:2 | Received a gift from Okawaru
 44508 | Vaults:2 | Received a gift from Okawaru
 44514 | Vaults:2 | Reached skill level 15 in Shields
 44873 | Vaults:2 | Found a staircase to the Crypt.
 45782 | Vaults:3 | Found Errunag's Magic Scroll Shop.
 45831 | Vaults:3 | Bought a scroll of acquirement for 728 gold pieces
 45831 | Vaults:3 | Acquired the ring "Xeduxku" {rPois rF+ rN+ Will+ Stlth+}
 46686 | Vaults:3 | Received a gift from Okawaru
 47427 | Vaults:3 | You fall into a shaft and drop 1 floor!
 47477 | Vaults:4 | Reached XP level 20. HP: 165/180 MP: 21/24
 47522 | Vaults:3 | Noticed a Brimstone Fiend
 48646 | Vaults:4 | Received a gift from Okawaru
 49236 | Vaults:4 | Found Wydetal's Antique Armour Shoppe.
 49447 | Vaults:3 | Received a gift from Okawaru
 49490 | Vaults:4 | Identified the +6 spear of Asabbeus {flame, +Blink rC+}
                  | (Okawaru gifted it to you on level 4 of the Vaults)
 49490 | Vaults:4 | Received a gift from Okawaru
 49710 | Vaults:4 | Reached skill level 17 in Fighting
 50453 | Crypt:1  | Entered Level 1 of the Crypt
 50874 | Crypt:1  | Identified the +6 crystal plate armour "Iqiuc" {Str+3}
                  | (Okawaru gifted it to you on level 1 of the Crypt)
 50874 | Crypt:1  | Received a gift from Okawaru
 51421 | Crypt:2  | Noticed Boris
 51452 | Crypt:2  | Killed Boris
 51462 | Crypt:2  | Reached XP level 21. HP: 134/191 MP: 19/25
 51474 | Crypt:2  | Noticed a royal mummy
 51486 | Crypt:2  | Noticed an ancient lich
 51498 | Crypt:1  | Killed an ancient lich
 51781 | Crypt:1  | Killed a royal mummy
 51861 | Crypt:2  | Noticed Khufu
 51989 | Crypt:2  | Noticed Sojobo
 52011 | Crypt:1  | Killed Sojobo
 52011 | Crypt:1  | Received a gift from Okawaru
 52260 | Crypt:2  | Noticed a royal mummy
 52271 | Crypt:2  | Noticed a royal mummy
 52680 | Elf:1    | Entered Level 1 of the Elven Halls
 52859 | Elf:1    | Reached skill level 10 in Dodging
 52889 | Elf:1    | Found Istiovvy's Magic Scroll Emporium.
 52948 | Elf:1    | Bought a scroll of teleportation for 39 gold pieces
 52948 | Elf:1    | Bought a scroll of teleportation for 39 gold pieces
 52948 | Elf:1    | Bought a scroll of teleportation for 39 gold pieces
 52948 | Elf:1    | Bought a scroll of magic mapping for 45 gold pieces
 52948 | Elf:1    | Bought a scroll of silence for 97 gold pieces
 53005 | Elf:1    | Noticed Donald
 53015 | Elf:1    | Received a gift from Okawaru
 53022 | Elf:1    | Killed Donald
 53308 | Elf:1    | Identified the -2 kite shield "Ojisynt" {Will+ Dex+3}
                  | (Okawaru gifted it to you on level 1 of the Elven Halls)
 53308 | Elf:1    | Received a gift from Okawaru
 53590 | Elf:2    | Reached skill level 15 in Armour
 53599 | Elf:2    | Found Amnep's General Store.
 53613 | Elf:2    | Found Vevoran's Armour Emporium.
 53625 | Elf:2    | Found Edushre's Distillery.
 53730 | Elf:2    | Bought a potion of might for 68 gold pieces
 53730 | Elf:2    | Bought a potion of might for 68 gold pieces
 53730 | Elf:2    | Bought a potion of haste for 170 gold pieces
 53730 | Elf:2    | Bought a potion of invisibility for 136 gold pieces
 53783 | Elf:2    | Paralysed by an air elemental for 1 turns
 54186 | Elf:2    | Found a runed translucent gate.
 54186 | Elf:2    | Found a runed translucent gate.
 54188 | Elf:2    | Found a runed translucent gate.
 54645 | Elf:3    | Entered Level 3 of the Elven Halls
 55407 | Elf:3    | Identified the ring "Xaxkit" {+Blink Dex+6 SInv}
 55434 | Elf:3    | Paralysed by an air elemental for 1 turns
 55446 | Elf:3    | Identified the +7 flail "Rotemm" {flame, rPois Int+3}
 55446 | Elf:3    | Identified the +2 leather armour of Loghuvvo {rN++}
 55621 | Elf:3    | Found Dulo's Armour Shop.
 55764 | Elf:3    | Paralysed by an air elemental for 1 turns
 55975 | Elf:3    | Reached XP level 22. HP: 157/199 MP: 24/26
 56199 | Elf:3    | Identified the +1 chain mail of Amelioration {Fly rC+ Dex-3
                  | Slay+3}
 56709 | Elf:3    | Identified the +0 pair of gloves of Zeinn {rElec}
 56809 | Elf:3    | Identified the +2 war axe of Law {vorpal, rElec rPois}
 57197 | Shoals:1 | Entered Level 1 of the Shoals
 57197 | Shoals:1 | Noticed Frances
 57207 | Shoals:1 | Killed Frances
 57207 | Shoals:1 | Received a gift from Okawaru
 58367 | Shoals:1 | Received a gift from Okawaru
 59298 | Shoals:2 | Noticed Polyphemus
 59314 | Shoals:2 | Killed Polyphemus
 59321 | Shoals:2 | Received a gift from Okawaru
 59382 | Shoals:2 | Found Ceryuk's Gadget Gallery.
 59390 | Shoals:2 | Bought a wand of digging (4) for 192 gold pieces
 59593 | Shoals:3 | Reached skill level 10 in Throwing
 59641 | Shoals:3 | Found Heqon's Assorted Antiques.
 60095 | Shoals:4 | Entered Level 4 of the Shoals
 60663 | Shoals:4 | Got a barnacled rune of Zot
 61910 | Depths:1 | Entered Level 1 of the Depths
 62081 | D:6      | Bought a +2 helmet of see invisible for 215 gold pieces
 62586 | Depths:1 | Found a hazy altar of Hepliaklqana.
 62934 | D:15     | Reached XP level 23. HP: 140/209 MP: 27/27
 63729 | Depths:1 | Found a gateway to a ziggurat.
 63913 | Depths:1 | Found a one-way gate to the infinite horrors of the Abyss.
 63914 | Depths:1 | You fall into a shaft and drop 1 floor!
 63948 | Depths:2 | Received a gift from Okawaru
 64000 | Depths:2 | Found a shadowy altar of Dithmenos.
 64099 | Depths:2 | Noticed a golden dragon
 64100 | Depths:2 | Noticed a caustic shrike
 64147 | Depths:2 | Noticed a juggernaut
 64159 | Depths:2 | Killed a juggernaut
 64179 | Depths:2 | Killed a golden dragon
 64183 | Depths:2 | Noticed a golden dragon
 64203 | Depths:2 | Identified the +4 kite shield "Isitemirph" {Contam rN+
                  | Dex+4} (Okawaru gifted it to you on level 2 of the Depths)
 64203 | Depths:2 | Received a gift from Okawaru
 64207 | Depths:2 | Noticed Boris
 64213 | Depths:2 | Killed a caustic shrike
 64218 | Depths:2 | Killed Boris
 64221 | Depths:2 | Killed a golden dragon
 65027 | Depths:2 | Found a gateway to Hell.
 65154 | Depths:1 | Noticed Asterion
 65374 | Depths:1 | Killed Asterion
 65935 | Depths:1 | Reached XP level 24. HP: 181/216 MP: 27/27
 66760 | Depths:2 | Reached skill level 18 in Fighting
 67169 | Depths:3 | Received a gift from Okawaru
 67388 | Depths:3 | Received a gift from Okawaru
 67637 | Depths:3 | Received a gift from Okawaru
 68110 | Depths:3 | Found a one-way gate leading to the halls of Pandemonium.
 68133 | Depths:3 | Received a gift from Okawaru
 68143 | Depths:3 | Found a stormy altar of Qazlal.
 68167 | Depths:3 | Received a gift from Okawaru
 68616 | Depths:4 | Noticed Boris
 68630 | Depths:4 | Killed Boris
 68933 | Depths:4 | Reached skill level 19 in Fighting
 68967 | Depths:4 | Received a gift from Okawaru
 68996 | Depths:4 | Lost intelligence.
 69010 | Depths:4 | Reached XP level 25. HP: 144/227 MP: 22/27
 69214 | Depths:4 | Noticed Louise
 69232 | Depths:4 | Killed Louise
 69457 | Depths:4 | Found a sacrificial altar of Ru.
 69470 | Depths:4 | Found an ancient bone altar of Kikubaaqudgha.
 69740 | Depths:4 | Noticed Margery
 69766 | Depths:4 | Killed Margery
 70203 | Depths:5 | Entered Level 5 of the Depths
 70291 | Depths:5 | Reached skill level 15 in Throwing
 70492 | Depths:5 | Received a gift from Okawaru
 70514 | Depths:5 | Found a gate to the Realm of Zot.
 70558 | Depths:5 | Reached skill level 20 in Fighting
 70774 | Depths:5 | Found an ornate altar of the Wu Jian Council.
 70822 | Depths:5 | Found Suota's Serpentskin Sales.
 71337 | Depths:5 | Noticed Boris
 71348 | Depths:5 | Killed Boris
 71348 | Depths:5 | Received a gift from Okawaru
 71854 | Vaults:5 | Entered Level 5 of the Vaults
 71885 | Vaults:5 | Noticed a dread lich
 72010 | Vaults:5 | Reached XP level 26. HP: 234/240 MP: 29/29
 72162 | Vaults:5 | Identified the ring of Kytopo Megu {Fire rN++ Str-3 Int+4}
 72164 | Vaults:5 | Identified the +7 halberd of Soss {pain, Will+++ Int-4
                  | Dex+3}
 72251 | Vaults:5 | Received a gift from Okawaru
 72365 | Vaults:5 | Identified the +7 long sword of the Six Stars {speed, rF++}
 72748 | Vaults:5 | Paralysed by a sphinx for 4 turns
 72821 | Vaults:5 | Reached skill level 21 in Fighting
 72843 | Vaults:5 | Got a silver rune of Zot
 72912 | Vaults:5 | Identified the ring "Hamotte" {rC- Str+8 Int+6 Dex+3
                  | Stlth+}
 73037 | Vaults:5 | Identified the +5 chain mail of Rupu {rF+ rN+ Will+ Str-3}
                  | (Okawaru gifted it to you on level 5 of the Vaults)
 73037 | Vaults:5 | Received a gift from Okawaru
 73393 | Vaults:5 | Noticed an ancient lich
 73398 | Vaults:5 | Killed an ancient lich
 73444 | Vaults:5 | Paralysed by a dread lich for 5 turns
 73453 | Vaults:5 | Killed a dread lich
 73473 | Vaults:5 | Identified the +9 trident of Okawaru's Displeasure {vorpal,
                  | rPois}
 73473 | Vaults:5 | Identified the +5 demon blade of Infinity {flame, Int+4
                  | Dex+2 SInv}
 73473 | Vaults:5 | Identified the +4 ring mail "Joidasmo" {Str+4}
 74115 | Vaults:5 | Reached XP level 27. HP: 222/251 MP: 29/29
 74753 | Zot:1    | Entered Level 1 of the Realm of Zot
 74913 | Zot:2    | Received a gift from Okawaru
 75598 | Zot:4    | Reached skill level 22 in Fighting
 75681 | Zot:5    | Entered Level 5 of the Realm of Zot
 75839 | Zot:4    | Received a gift from Okawaru
 76417 | Zot:5    | Noticed an ancient lich
 76421 | Zot:5    | Noticed an orb of fire
 76426 | Zot:5    | Killed an ancient lich
 76428 | Zot:5    | Killed an orb of fire
 76428 | Zot:5    | Noticed an ancient lich
 76431 | Zot:5    | Killed an ancient lich
 76434 | Zot:5    | Identified the +11 longbow "Limaq" {freeze, *Slow Will+
                  | Str+3} (Okawaru gifted it to you on level 5 of the Realm of
                  | Zot)
 76434 | Zot:5    | Received a gift from Okawaru
 76437 | Zot:5    | Noticed an orb of fire
 76439 | Zot:5    | Killed an orb of fire
 76442 | Zot:5    | Noticed a dread lich
 76442 | Zot:5    | Noticed an orb of fire
 76449 | Zot:5    | Noticed a dread lich
 76454 | Zot:5    | Killed an orb of fire
 76455 | Zot:5    | Noticed an ancient lich
 76457 | Zot:5    | Reached skill level 23 in Fighting
 76460 | Zot:5    | Killed a dread lich
 76464 | Zot:5    | Noticed a dread lich
 76467 | Zot:5    | Killed a dread lich
 76468 | Zot:5    | Killed an ancient lich
 76468 | Zot:5    | Received a gift from Okawaru
 76470 | Zot:5    | Killed a dread lich
 76474 | Zot:5    | Received a gift from Okawaru
 76485 | Zot:5    | Noticed a dread lich
 76487 | Zot:5    | Killed a dread lich
 76509 | Zot:5    | Received a gift from Okawaru
 76582 | Zot:5    | Received a gift from Okawaru
 76593 | Zot:5    | Reached skill level 24 in Fighting
 76595 | Zot:5    | Noticed an ancient lich
 76649 | Zot:5    | Killed an ancient lich
 76649 | Zot:5    | Received a gift from Okawaru
 76781 | Zot:5    | Received a gift from Okawaru
 77289 | Zot:5    | Got the Orb of Zot
 77706 | D:9      | Noticed Wuip the pandemonium lord
 77863 | D:$      | Escaped with the Orb!

Illustrated notes

Levels and vault maps discovered:
D:1:      saegor_arrival_simple_a, layout_basic, serial_glass, glass_columns_c,
          glass_columns_a, serial_park_tiny_pond
D:2:      layout_loops_ring, basic_altar
D:3:      layout_loops_ring, mainiacjoe_overflow_concentric_impassable,
          minmay_bisected, uniq_ijyb
D:4:      layout_loops_ring, kennysheep_generic_room_13
D:5:      layout_rooms, gammafunk_temple_overflow_pools, uniq_edmund
D:6:      layout_cave_pools, mainiacjoe_overflow_chevrons, serial_shops,
          nicolae_shop_stone, nicolae_stop_n_shop_1, nicolae_shop_statue_plus,
          kennysheep_little_box, minmay_strange_pillars, serial_bayou_crossing,
          uniq_menkaure, uniq_crazy_yiuf_cottage
D:7:      layout_basic, minmay_temple_entry_waves, grunt_tough_drop
D:8:      layout_basic, chequers_serial_rivers_large_a,
          chequers_decorated_corner, minmay_misc_feat_secret_circle
D:9:      layout_basic, nemelex_diamond_rough_becter
D:10:     layout_cave_pods, mainiacjoe_overflow_tiny_flanked, dpeg_lair_monsters
D:11:     layout_roguey, portal_ice_cave_entry_pillars_1
D:12:     layout_cave_pools, hiddenorc1_lemuel,
          gammafunk_ghost_berserking_beasts, kb_lookout_dungeons_type
D:13:     layout_roguey, david_vaults_1, special_room [special_room_orc],
          uniq_rupert
D:14:     layout_basic, lightli_fourway_metalbox
D:15:     gammafunk_depths_entry_grave, layout_rooms, minmay_misc_feat_pillars,
          special_room [special_room_bee]
Lair:1:   layout_roguey, st_stairs_10, infiniplex_staircase_pool,
          grunt_megastairs_3, uniq_joseph
Lair:2:   layout_regular_city, patterned_corridor, grunt_megastairs_4
Lair:3:   layout_chaotic_city, ebering_ghost_rock_garden, nzn_random_ring
Lair:4:   layout_loops_ring, elwin_shoals_entry_rocks,
          nicolae_spider_entry_non_spiders, ebering_ghost_rock_garden,
          special_room [special_room_mythical_zoo], uniq_urug
Lair:5:   layout_cave_shapes, serial_bayou_shore_b, grunt_megastairs_1,
          uniq_sonja
Lair:6:   evilmike_catoblepas_cave, layout_gridlike, slime_altar_1, ice2_lemuel,
          uniq_snorg
Shoals:1: layout_shoals, nicolae_shoals_lost_giant_baths, uniq_frances
Shoals:2: layout_shoals, nicolae_shoals_land_atoll, nicolae_shop_gadgets,
          uniq_polyphemus
Shoals:3: layout_shoals, serial_shops, shop, lemuel_altar_in_water
Shoals:4: shoals_end_simple, layout_shoals
Spider:1: layout_spider_delve
Spider:2: layout_spider_delve, uniq_kirke, uniq_arachne, uniq_agnes
Spider:3: layout_spider_delve
Spider:4: grunt_spider_rune_parallel, worms_lemuel, uniq_bai_suzhen
Orc:1:    layout_caves
Orc:2:    grunt_orc_community_town_hall, layout_caves,
          grunt_orc_community_big_house_2, grunt_orc_community_big_house_1,
          grunt_orc_community_house_2, grunt_orc_community_house_2,
          grunt_orc_community_house_2, grunt_orc_community_house_3,
          grunt_orc_community_house_1, serial_shops, nicolae_lakefront_shop,
          nicolae_shop_waterfront, shop
Elf:1:    elf_arrival_001, layout_loops_ring, serial_shops, shop_scrolls,
          kennysheep_underground_church, uniq_donald
Elf:2:    nicolae_elf_blades_splatter_lattice
          [nicolae_blade_entry_diamond_columns], layout_loops_cross,
          serial_shops, shop, nicolae_shop_stone, shop, corexii_hall_statues_x
Elf:3:    elf_hall_gauntlet_wide, layout_rooms, serial_shops, shop_fountains,
          hangedman_glass_teeth
Vaults:1: ontoclasm_vaults_tryst, dpeg_vaults_monster_row,
          nicolae_vaults_network_quinsquares
          [nicolae_vaults_network_quincunx_subvault,
          nicolae_vaults_network_quincunx_subvault,
          nicolae_vaults_network_quincunx_subvault,
          nicolae_vaults_network_quincunx_subvault], grunt_vaults_twisty,
          v_pattern_3, nicolae_vaults_asterisk, vaults_mumra_lcd,
          vaults_dpeg_spiral, vaults_room_semicircle, vaults_room_door_ring,
          vaults_room_pool, layout_vaults_omnigrid, serial_shops, shop
Vaults:2: minmay_crypt_entry_simple_round, ontoclasm_vaults_misaligned,
          v_misc_16, v_misc_8, vaults_mumra_hexcomb, vaults_room_semicircle,
          hangedman_vaults_restitches, nicolae_vaults_specimen_jars, v_misc_26,
          hangedman_vaults_restitches, vaults_standard_mumra_enter_the_diamond,
          hangedman_vaults_nails, st_cells, nicolae_vaults_little_squares_3,
          layout_vaults_big_room
Vaults:3: nicolae_vaults_circle_grid_b, hangedman_vaults_slice,
          hangedman_vaults_stream, vaults_room_door_hall,
          hangedman_vaults_river_flow, hangedman_vaults_stagger,
          vaults_room_glass_cross, grunt_vaults_funnel,
          nicolae_vaults_shelves_hall, ontoclasm_vaults_twist,
          layout_vaults_omnicross, serial_shops, shop_scrolls
Vaults:4: hangedman_vaults_snaps, v_alt_pattern_4, v_alt_pattern_2,
          nicolae_vaults_angled_halls, st_smaller_cells, vaults_room_door_ring,
          hangedman_vaults_restitches, ontoclasm_vaults_fault,
          ontoclasm_vaults_ligature, nicolae_vaults_little_squares_6,
          nicolae_vaults_gold_heap, layout_vaults_maze_bifur, serial_shops,
          nicolae_lakefront_shop
Vaults:5
Crypt:1:  layout_misc_corridors, st_stairs_1, chequers_hall_statues_y
Crypt:2:  layout_rooms, nicolae_crypt_statuary_hall, uniq_khufu, uniq_boris,
          uniq_sojobo
Depths:1: layout_cave_pools, enter_ziggurat_a, nicolae_hepliaklqana_hazy_memory,
          abyss_entry, hellmouth_1, minmay_misc_feat_more_columns,
          hangedman_decor_opposing, hangedman_cracks_in_the_wall, uniq_asterion
Depths:2: hangedman_arch_fort, layout_basic, nicolae_dithmenos_the_darkroom,
          grunt_hell_entry_dis_old, serial_bayou_shore_a,
          infiniplex_staircase_hallway_doors
Depths:3: regret_index_qazlal_generations, layout_cave_shapes, elyvilon_altar_1,
          pan_entry, hell_entry, serial_bayou_pond_d
Depths:4: grunt_deathspiral_small, layout_gridville, nicolae_ru_path_of_blood,
          nicolae_abyss_entry_one_way_or_another, hangedman_geh_valley,
          rand_demon_pan_entry_9, nicolae_kikubaaqudgha_miasma_corner,
          minmay_staircase_windowed_small, uniq_margery
Depths:5: grunt_crosshair, layout_long_grid, hell_entry,
          nzn_wu_jian_council_hall, grunt_decor_fettered, guppyfry_shop_venom
Zot:1:    layout_gridlike
Zot:2:    layout_onion_interference, skrybe_zot_glass_1
Zot:3:    layout_twisted_circle
Zot:4:    layout_concentric_octagons, lemuel_baited_zot_trap,
          grunt_ministairs_12, st_large_dragon_hoard_1
Zot:5:    layout_gridlike, st_stairs_2, skrybe_zot_glass_3

Skill      XL: |  1  2  3  4  5  6  7  8  9 10 11 12 13 14 15 16 17 18 19 20 21 22 23 24 25 26 27 |
---------------+----------------------------------------------------------------------------------+-----
Dodging        | 3 6 7 8 11 12 | 12.0
Unarmed Combat | 4 5 6 7 9 11 12 14 16 17 18 19 20 21 22 | 22.0
Fighting       | 3 4 5 6 7 11 12 13 15 16 17 19 20 21 24 | 24.5
Armour         | 1 2 3 4 7 8 10 11 12 13 15 16 | 16.0
Invocations    | 2 5 7 9 |  9.5
Throwing       | 2 3 4 5 7 9 11 13 14 15 17 20 | 20.0
Shields        | 2 4 8 11 14 15 17 18 19 20 21 | 21.0
Slings         | |  0.6

Action                   |  1- 3 |  4- 6 |  7- 9 | 10-12 | 13-15 | 16-18 | 19-21 | 22-24 | 25-27 || total
-------------------------+-------+-------+-------+-------+-------+-------+-------+-------+-------++-------
Melee: Unarmed           |   100 |   103 |   249 |   586 |  1337 |  1327 |  1417 |  1803 |  1443 ||  8365
       Punch             |     2 |     3 |     8 |       |       |       |       |       |       ||    13
 Fire: Hunting sling     |     4 |    39 |    92 |   127 |   175 |    44 |    32 |    15 |       ||   528
       Fustibalus        |       |       |       |       |       |       |       |    21 |       ||    21
Throw: Throwing net      |       |     2 |     5 |       |       |     2 |       |       |       ||     9
       Boomerang         |       |       |     5 |     5 |       |    46 |       |    57 |       ||   113
       Javelin           |       |       |       |       |    11 |     3 |    11 |    53 |   146 ||   224
       Dart              |       |       |       |       |    12 |    13 |       |       |       ||    25
Invok: Heroism           |       |       |     1 |    15 |    18 |    17 |    20 |    24 |    23 ||   118
       Finesse           |       |       |       |       |     2 |     5 |     6 |     6 |    10 ||    29
Evoke: Phantom mirror    |       |       |       |     1 |       |       |       |       |       ||     1
       Condenser vane    |       |       |       |       |     2 |     2 |     1 |       |       ||     5
       Wand              |       |       |       |       |       |     2 |       |     2 |     2 ||     6
  Use: Scroll            |       |     3 |     4 |     6 |     9 |     7 |    14 |    10 |     9 ||    62
       Potion            |       |       |       |     2 |     1 |    13 |     7 |       |    10 ||    33
 Stab: Held in net/web   |       |       |       |       |       |     1 |       |     1 |       ||     2
       Confused          |       |       |       |       |       |     8 |       |       |       ||     8
       Invisible         |       |       |       |       |       |       |     1 |       |       ||     1
       Petrified         |       |       |       |       |       |       |       |     6 |       ||     6
       Petrifying        |       |       |       |       |       |       |       |     3 |       ||     3
Armor: Leather armour    |    29 |       |       |       |       |       |       |       |       ||    29
       Chain mail        |       |    38 |   142 |    71 |       |       |       |       |       ||   251
       Ice dragon scales |       |       |       |   142 |   473 |   762 |   264 |       |       ||  1641
       Crystal plate arm |       |       |       |       |       |       |   102 |   662 |   314 ||  1078
Dodge: Dodged            |    56 |    34 |    99 |   166 |   465 |   536 |   257 |   282 |   154 ||  2049
Block: Buckler           |       |       |    15 |   192 |   566 |    90 |       |       |       ||   863
       Reflection        |       |       |       |     1 |     6 |    30 |    88 |    80 |    33 ||   238
       Kite shield       |       |       |       |       |       |   883 |       |       |       ||   883
       Tower shield      |       |       |       |       |       |   447 |  1623 |  2352 |  1454 ||  5876

Table legend: (Time is in decaauts)
 A = Elapsed time spent in this place.
 B = Non-inter-level travel time spent in this place.
 C = Inter-level travel time spent in this place.
 D = Time resting spent in this place.
 E = Time spent auto-exploring this place.
 F = Levels seen in this place.
 G = Mean time per level.
                   A        B        C        D        E       F      G
               +--------+--------+--------+--------+--------+-----+--------+
         Total |  75708 |  68386 |   7322 |  14204 |  40406 |  53 | 1428.5 |
       Dungeon |  21868 |  19194 |   2674 |   4942 |  11545 |  15 | 1457.9 |
          Lair |  10641 |   9143 |   1498 |    831 |   6692 |   6 | 1773.5 |
        Shoals |   4024 |   3671 |    353 |    363 |   2381 |   4 | 1006.0 |
   Spider Nest |   6306 |   5980 |    326 |   1495 |   3069 |   4 | 1576.5 |
  Orcish Mines |   2031 |   1797 |    234 |    286 |   1138 |   2 | 1015.5 |
   Elven Halls |   4472 |   4014 |    458 |    973 |   2313 |   3 | 1490.7 |
        Vaults |  11785 |  10987 |    798 |   2285 |   6346 |   5 | 2357.0 |
         Crypt |   1965 |   1878 |     87 |    807 |    644 |   2 |  982.5 |
        Depths |   7780 |   7055 |    725 |    500 |   4882 |   5 | 1556.0 |
           Zot |   2389 |   2224 |    165 |   1111 |     33 |   5 |  477.8 |
         Abyss |     59 |     59 |      0 |      0 |     30 |   1 |   59.0 |
      Ice Cave |   2381 |   2381 |      0 |    609 |   1330 |   1 | 2381.0 |
               +--------+--------+--------+--------+--------+-----+--------+

Top non-repeatable levels by time:
Vaults:1: 2931 daAuts
Vaults:3: 2775 daAuts
  Lair:6: 2599 daAuts
    D:10: 2543 daAuts
    D:14: 2452 daAuts
   IceCv: 2381 daAuts
Depths:2: 2317 daAuts
Vaults:5: 2240 daAuts
   Elf:3: 2181 daAuts
    D:11: 2101 daAuts
Spider:1: 2080 daAuts
  Lair:3: 2010 daAuts
Vaults:4: 1965 daAuts
Vaults:2: 1872 daAuts
     D:7: 1765 daAuts
